AoeStats
← nicolasti

Arabia

509966548Analyzed
3v3 RM · 5d ago on Sep 28, 2026· 54m 47s· 6 players
Game mode
Random Map
Map size
Normal (6 player)
Population
200
Speed
Normal
Resources
Standard
Victory
Conquest
Starting age
Dark Age
Ending age
Imperial Age
RankedLock teamsTeams togetherTeam positionsShared explorationLock speedFull tech treeHidden civsTurbo modeCheats
Victory
Defeat
🇫🇷 Wei · France
737
+15
🇲🇨 Mongols · Monaco
713
+16
🇲🇨 Magyars · Monaco
583
+20
🇫🇷 Burgundians · France
707
-17
🇩🇪 Burmese · Germany
700
-17
🇧🇷 Persians · Brazil
697
-17
jaxom
10:19 Feudal Age
8:34 Loom
10:49 Double-Bit Axe
10:56 Horse Collar
16:50 Forging
17:36 Scale Barding Armor
18:04 Bloodlines
23:37 Castle Age
25:08 Bow Saw
25:03 Heavy Plow
25:02 Fletching
25:13 Padded Archer Armor
25:53 Iron Casting
27:36 Wheelbarrow
26:47 Town Watch
27:57 Town Patrol
28:01 Gold Mining
29:42 Thumb Ring
30:37 Stone Mining
32:27 Hand Cart
33:23 Gold Shaft Mining
33:23 Stone Shaft Mining
33:43 Bodkin Arrow
34:03 Leather Archer Armor
34:13 Ballistics
34:53 Murder Holes
34:38 Treadmill Crane
37:57 Imperial Age
37:45 Chain Barding Armor
40:16 Bracer
40:46 Ring Archer Armor
40:45 Parthian Tactics
40:52 Ming Guang Armor
40:48 Conscription
40:28 Tuntian
39:58 Light Cavalry
40:45 Husbandry
40:05 Light Cavalry
46:49 Hussar
49:29 Blast Furnace
48:31 Scale Mail Armor
48:49 Elite Skirmisher
Alijutboa
11:46 Feudal Age
12:15 Double-Bit Axe
13:38 Horse Collar
14:57 Bloodlines
17:11 Scale Barding Armor
29:05 Castle Age
30:08 Bow Saw
30:01 Heavy Plow
32:49 Husbandry
32:10 Light Cavalry
39:41 Gold Mining
39:42 Stone Mining
56:53 Imperial Age
55:04 Chain Barding Armor
nicolasti
0:44 Loom
10:26 Feudal Age
11:05 Horse Collar
20:38 Gold Mining
24:03 Castle Age
23:53 Forging
23:50 Scale Barding Armor
24:02 Bloodlines
30:57 Stone Mining
31:43 Gold Shaft Mining
33:11 Chain Barding Armor
33:27 Iron Casting
35:43 Masonry
35:59 Ballistics
35:34 Double-Bit Axe
39:11 Imperial Age
37:45 Bow Saw
39:40 Capped Ram
41:40 Siege Ram
43:50 Conscription
43:06 Elite Mangudai
44:13 Fletching
44:24 Padded Archer Armor
44:37 Heavy Plow
45:12 Bodkin Arrow
48:28 Leather Archer Armor
50:14 Bracer
51:15 Blast Furnace
50:16 Scale Mail Armor
51:20 Chemistry
TotalDish7778
11:02 Feudal Age
16:50 Castle Age
20:32 Fervor
23:38 Pikeman
24:59 Squires
26:09 Man-at-Arms
26:34 Gambesons
28:00 Wheelbarrow
27:13 Long Swordsman
27:37 Horse Collar
28:05 Gold Mining
30:11 Gold Shaft Mining
33:45 Imperial Age
31:52 Hand Cart
31:32 Stone Mining
32:25 Town Watch
34:29 Fortified Wall
33:55 Two-Handed Swordsman
33:56 Halberdier
34:27 Halberdier
35:37 Forging
35:27 Scale Mail Armor
35:14 Champion
38:07 Iron Casting
37:47 Chain Mail Armor
40:03 Ballistics
39:15 Elite Skirmisher
40:30 Fletching
40:41 Padded Archer Armor
42:14 Bodkin Arrow
43:22 Blast Furnace
42:52 Plate Mail Armor
46:42 Chemistry
48:51 Bracer
52:45 Elite Arambai
DUuUuUSsSsSsSs
10:25 Wheelbarrow
13:13 Feudal Age
13:17 Loom
13:40 Horse Collar
14:28 Double-Bit Axe
14:38 Stone Mining
15:52 Bow Saw
17:22 Gold Mining
18:52 Hand Cart
22:36 Castle Age
22:41 Forging
22:36 Scale Mail Armor
24:30 Squires
26:38 Ballistics
26:14 Murder Holes
27:10 Husbandry
37:37 Two-Man Saw
37:23 Gold Shaft Mining
39:13 Scale Barding Armor
40:43 Chain Barding Armor
42:25 Fletching
42:55 Masonry
43:05 Bodkin Arrow
47:10 Elite Skirmisher
50:26 Imperial Age
48:13 Padded Archer Armor
48:50 Iron Casting
49:02 Pikeman
50:06 Leather Archer Armor
51:00 Stone Shaft Mining
51:32 Conscription
51:17 Bracer
54:41 Chemistry
Leandro
12:33 Feudal Age
13:25 Horse Collar
13:35 Double-Bit Axe
Connection lost

Rejoining the realm…

Still unreachable

The connection could not be restored.

Session expired

The server has moved on; the page needs a fresh start.